[Event "Frauenbundesliga 2021-22"]
[Site "Germany"]
[Date "2022.05.25"]
[Round "9.26"]
[White "Voicu-Jagodzinsky, Carmen"]
[Black "Newrkla, Katharina"]
[Result "0-1"]
[ECO "B53"]
[WhiteElo "2291"]
[BlackElo "2232"]
[Annotator "TA"]
[PlyCount "154"]
[EventDate "2021.11.26"]
[EventType "team-tourn"]
[EventCountry "GER"]
[SourceTitle "playchess.com"]
[Source "ChessBase"]
[SourceQuality "1"]
[WhiteTeam "SV Hemer 1932"]
[BlackTeam "SK Lehrte"]
[WhiteTeamCountry "ROU"]
[BlackTeamCountry "AUT"]
[TimeControl "40/5400+30:1800+30"]

1. e4 c5 2. Nf3 d6 3. d4 cxd4 4. Qxd4 Nc6 5. Bb5 Bd7 6. Bxc6 Bxc6 7. c4 f5 8. exf5 {[%emt 0:00:09] Qd3 is the strong threat.} Qa5+ {[%emt 0:00:10] B53: Sicilian: 2...d6: Lines with Qxd4.} 9. Nbd2 Qxf5 10. O-O e5 $1 {[%emt 0:01:01] The position is equal.} 11. Re1 {[%emt 0:03:53][%cal Rf3e5] aiming for Nxe5!} Be7 12. Qe3 Nf6 {[%emt 0:03:29] [#]} 13. Nd4 $1 Qh5 14. Nxc6 bxc6 15. h3 O-O {[%emt 0:07:25] [#]} 16. b3 $146 ({Predecessor:} 16. Nf3 Nd7 17. Bd2 Rf7 18. Qe4 Rc8 19. b4 Nf6 20. Qe3 Bf8 21. a3 Rd7 22. Bc3 {0-1 (49) Vinella,M (1732)-Lopez Falcon,J (2117) Montevideo 2018}) 16... Bd8 17. Ba3 Bb6 18. c5 $1 Nd5 19. Qe2 Qxe2 20. Rxe2 Nf4 21. Re3 dxc5 22. Nc4 Rad8 23. Rxe5 (23. Nxe5 Rd2 $11) (23. Bb2 $5 ) 23... Rd5 24. Bb2 Nd3 25. Re2 Bd8 (25... Nf4 $1 $11 26. Re4 (26. Re7 Rg5 $11) 26... Nd3) 26. g3 $14 h5 27. Ne3 ({Better is} 27. h4 $14) 27... Nxb2 $11 28. Nxd5 cxd5 29. Rxb2 {[%emt 0:00:06][%mdl 4096] Endgame Hoping for Re2. KRR-KRB} Bf6 30. Rab1 Bxb2 31. Rxb2 {[%emt 0:00:01] KR-KR} Kf7 32. Re2 Re8 {[%emt 0:03:35] Against Re5} 33. Rc2 Rc8 34. f4 Ke6 35. Kf2 Kd6 36. Ke3 (36. Re2 $11) 36... Re8+ 37. Kd3 (37. Kd2 $17 {was called for.}) 37... Re1 (37... d4 $1 $19 {is more deadly. Threatens to win with ...Re3+.} 38. Re2 Rxe2 39. Kxe2 Kd5) 38. Rg2 $17 a5 {[%emt 0:00:46] Black is more active.} (38... Rf1 $17) 39. g4 $2 (39. h4 $1 $11 {and White is okay.}) 39... h4 $1 $19 40. Re2 Rd1+ 41. Kc2 Rf1 ({And not} 41... Rh1 42. f5 $17) (41... Ra1 $19 42. Kd3 Rd1+ 43. Kc2 Rh1) 42. f5 $11 d4 43. Re6+ Kd5 {[%emt 0:00:00] Strongly threatening ...Rf2+.} 44. Rg6 (44. Re7 $15) 44... a4 (44... Rf2+ $17 45. Kd1 a4 46. Rxg7 Rf3) 45. Rxg7 Rf2+ 46. Kd1 $1 Rxa2 47. bxa4 c4 48. Rd7+ $2 {[%emt 0:00:00][%mdl 8192] [#]} (48. f6 $11 Kd6 49. g5) 48... Ke4 $1 $19 {[%emt 0:00:00] ( -> ...c3)} ({Not} 48... Ke5 49. Re7+ Kf6 50. Re4 $11) 49. f6 {[%emt 0:00:00] [#]} Ra1+ $2 (49... Kd3 $1 $19 50. Ke1 c3) 50. Kc2 Ra2+ 51. Kb1 $2 {[%emt 0:00:00][%mdl 8192] Black continues to play with concentration.} (51. Kd1 $1 $11) 51... Rf2 52. f7 d3 (52... c3 $142 {White must now prevent ...d3.} 53. Rc7 d3 54. Rxc3 Rxf7) 53. g5 $2 (53. Rc7 $19 c3 54. Rxc3) 53... c3 54. g6 Rf1+ 55. Ka2 c2 {[%emt 0:00:16] Black mates.} 56. Re7+ Kd5 57. Re1 Rxe1 58. f8=Q c1=Q 59. Qd8+ Ke4 60. Qxh4+ Kf3 61. Qg4+ Kf2 62. Qh4+ Ke2 63. Qg4+ Kd2 64. Qg5+ Kd1 65. Qg4+ Re2+ 66. Kb3 Qc2+ 67. Kb4 Qb2+ 68. Kc5 Qc3+ 69. Kd6 Kc1 70. g7 Qf6+ 71. Kc5 Qe5+ 72. Kc6 Rc2+ 73. Kb6 Qc7+ 74. Kb5 Qc6+ 75. Ka5 Rc5+ 76. Kb4 Qb6+ 77. Ka3 Qb2# {[%emt 0:00:04] Weighted Error Value: White=0.55/Black=0.30} 0-1

[Event "Frauenbundesliga 2021-22"]
[Site "Germany"]
[Date "2022.05.25"]
[Round "9.27"]
[White "Duessler, Stefanie"]
[Black "Ciolacu, Alessia-Mihaela"]
[Result "*"]
[ECO "C67"]
[WhiteElo "2110"]
[BlackElo "2198"]
[Annotator "TA RC"]
[PlyCount "105"]
[EventDate "2021.11.26"]
[EventType "team-tourn"]
[EventCountry "GER"]
[SourceTitle "playchess.com"]
[Source "ChessBase"]
[SourceQuality "1"]
[WhiteTeam "SK Lehrte"]
[BlackTeam "SV Hemer 1932"]
[WhiteTeamCountry "GER"]
[BlackTeamCountry "ROU"]
[TimeControl "40/5400+30:1800+30"]

1. e4 e5 2. Nf3 Nc6 3. Bb5 Nf6 4. O-O Nxe4 5. d4 Be7 6. Re1 Nd6 7. Bxc6 dxc6 8. dxe5 Nf5 9. Qxd8+ Bxd8 10. Nc3 {[%emt 0:02:07][%cal Bb1c3,Bc3e4,Be4f6][%mdl 32] C67: Ruy Lopez: Berlin Defence: 4 0-0 Nxe4.} h6 11. Ne4 {[%emt 0:01:28] [#]} g5 $146 ({Predecessor:} 11... Be6 12. Nc5 b6 13. Nxe6 fxe6 14. g3 Rf8 15. Kg2 Be7 16. Rd1 Rd8 17. Rxd8+ Bxd8 {1-0 (31) Frenkel,A (1806)-Harman,K (1371) ICCF email 2021}) 12. h3 {[%emt 0:01:08] The position is equal.} Be7 13. Nf6+ Kf8 14. Bd2 c5 15. Bc3 Be6 {[%emt 0:00:42] Against Nd5} 16. Rad1 ({Don't do} 16. g4 Nd4 17. Bxd4 (17. Nxd4 cxd4 18. Bxd4 Kg7 $16) 17... cxd4 $16) 16... c6 17. b3 Ng7 18. Nd2 b6 19. Nde4 Ne8 20. Rd2 {[%emt 0:06:14] White is much more active.} (20. Bb2 {looks sharper.} Kg7 21. g4 Kg6 22. f4) 20... Nc7 21. Bb2 Nd5 22. c4 Nf4 23. Red1 Kg7 24. Kh2 Rhd8 25. Nd6 Kg6 26. Nfe4 {[%emt 0:04:56] Pair of Knights!} h5 27. Bc1 (27. h4 $5) 27... h4 28. f3 Nh5 29. Rd3 Ng7 30. Kg1 Nh5 31. Kf2 f6 (31... a5 $11) 32. exf6 $16 Bxf6 (32... Nxf6 $16 33. Nxg5 Bd5) 33. Nxf6 $18 Nxf6 {[%emt 0:00:02] [#]} 34. Bb2 (34. Re3 $1 $18 Bf7 35. Ree1) 34... Nh5 35. Ne4 Re8 (35... Rxd3 $16 {was called for.} 36. Rxd3 Rc8) 36. Rd6 Rac8 37. Bc1 Nf4 38. Re1 Rcd8 39. Bxf4 gxf4 40. Rxc6 {[%emt 0:00:10] Threatens to win with Nd6.} Re7 {[%emt 0:00:57] [#]} (40... Rc8 $142 41. Rd6 Rcd8) 41. Nxc5 $1 Rd2+ (41... bxc5 42. Rexe6+) 42. Kf1 bxc5 43. Rcxe6+ Rxe6 44. Rxe6+ {[%emt 0:00:04][%mdl 4096] Endgame KR-KR} Kf5 45. Re2 Rd1+ 46. Kf2 a5 47. Rc2 $2 (47. a4 $18) 47... Rb1 $2 (47... Ke5 $1 $11) 48. Ke2 Ke5 $2 (48... a4 49. bxa4 Rb4) 49. Kd3 Rd1+ 50. Kc3 Re1 51. Rd2 Rc1+ $2 (51... Kf6 52. Kb2 a4 53. bxa4 Re6) 52. Kb2 Re1 53. Ka3 {[%emt 0:00:19] Weighted Error Value: White=0.21 (precise) /Black=0.39} *

[Event "Frauenbundesliga 2021-22"]
[Site "Germany"]
[Date "2022.05.25"]
[Round "9.28"]
[White "Ionica, Iulia-Ionela"]
[Black "Zschischang, Marine"]
[Result "*"]
[ECO "C10"]
[WhiteElo "2186"]
[BlackElo "2076"]
[Annotator "TA RC"]
[PlyCount "148"]
[EventDate "2021.11.26"]
[EventType "team-tourn"]
[EventCountry "GER"]
[SourceTitle "playchess.com"]
[Source "ChessBase"]
[SourceQuality "1"]
[WhiteTeam "SV Hemer 1932"]
[BlackTeam "SK Lehrte"]
[WhiteTeamCountry "ROU"]
[BlackTeamCountry "GER"]
[TimeControl "40/5400+30:1800+30"]

1. e4 {[%emt 0:00:05] Kortschnoj,V} e6 2. d4 d5 3. Nc3 dxe4 4. Nxe4 Nd7 5. g3 Ngf6 6. Nxf6+ Nxf6 7. Bg2 c5 8. Nf3 Qb6 {[%emt 0:02:46] C10: French with 3 Nc3: Unusual Black 3rd moves and 3...dxe4.} 9. O-O Bd7 10. a4 {[%emt 0:16:55] [#]} a5 $146 {[%emt 0:02:31] White has an edge.} ({Predecessor:} 10... Bc6 11. a5 Qc7 12. a6 Rd8 13. c3 b5 14. Qe2 c4 15. b3 Bd5 16. Ne5 Be7 17. bxc4 bxc4 {1-0 (39) Macieja,B (2536)-Speelman,J (2623) New Delhi/Teheran 2000 CBM 081 [Kortschnoj,V]}) 11. dxc5 Bxc5 12. Ne5 Rd8 13. Qe2 {[%emt 0:07:35] Inhibits Bb5. White is more active.} (13. Qe1 $5 ) 13... Bc6 14. Nc4 Qa7 15. Bxc6+ bxc6 16. Bd2 Bb4 17. Be3 Bc5 18. Bd2 Bb4 19. c3 Bc5 20. Bg5 (20. b4 $16 axb4 21. cxb4) 20... Rd5 $14 21. Be3 O-O (21... Bxe3 $11 22. Nxe3 (22. Qxe3 Qc5 $11) 22... Re5) 22. b4 $16 axb4 23. cxb4 Bd4 24. Ra2 Ne4 {[%emt 0:01:42] Threatens to win with ...Nc3.} 25. Qc2 (25. Rc1 $16) 25... Nd6 {[%emt 0:00:32] [#]} (25... Bxe3 $14 26. Qxe4 (26. fxe3 f5 $11) 26... Bd4) 26. Bxd4 $1 $18 Rxd4 27. Nxd6 Rxd6 28. b5 (28. Rd1 $16 Qe7 29. Rxd6 Qxd6 30. a5) 28... cxb5 $11 29. axb5 Qb7 30. Rb1 Rb6 31. Qa4 Rb8 32. Rab2 g6 33. h4 h5 34. Qc4 Qf3 35. Rb3 Qf5 36. Rb4 Kg7 37. Qc3+ Qf6 38. Qd2 Qf5 39. Qc3+ Qf6 40. Qb3 Qe5 41. Qd3 R8b7 42. Re4 {[%emt 0:00:00] [#]} (42. Kg2 $11 {keeps the balance.}) 42... Qc5 (42... Qf5 $1 $17) 43. Rc4 Qf5 44. Qxf5 gxf5 {[%emt 0:00:12][%mdl 4096] Endgame KRR-KRR} 45. Rcb4 Rd7 46. Kf1 Rd5 47. Ke2 e5 48. Ke3 Kf6 49. R4b3 Kg6 50. R1b2 Kf6 51. f3 Kg6 52. Rb4 Kf6 53. Rb1 Ke6 54. R1b2 Kf6 55. Kf2 Kg6 56. Kg2 Kh6 57. Kh3 Rc5 58. g4 Kg6 59. gxh5+ Kxh5 60. Rg2 Rcxb5 61. Rg5+ {[%emt 0:00:40] The position is equal.} Kh6 62. Rxb5 Rxb5 63. Rxf5 {[%emt 0:00:08] KR-KR} Kg6 64. Rg5+ Kh6 65. Rg1 Rb4 66. Re1 f6 67. Re4 Rb1 68. Kg4 Kg6 {[%emt 0:00:11] Strongly threatening ...f5+.} 69. h5+ Kf7 70. Ra4 Rg1+ 71. Kh4 Rh1+ 72. Kg4 Rg1+ 73. Kh3 Rh1+ 74. Kg4 Rg1+ {[%emt 0:00:05] Weighted Error Value: White=0.16 (very precise) /Black=0.17 (very precise)} *

[Event "Frauenbundesliga 2021-22"]
[Site "Germany"]
[Date "2022.05.25"]
[Round "9.29"]
[White "Yaghy, Ritta."]
[Black "Frey, Alisa"]
[Result "1/2-1/2"]
[ECO "C47"]
[WhiteElo "2010"]
[BlackElo "1998"]
[Annotator "TA"]
[PlyCount "92"]
[EventDate "2021.11.26"]
[EventType "team-tourn"]
[EventCountry "GER"]
[SourceTitle "playchess.com"]
[Source "ChessBase"]
[SourceQuality "1"]
[WhiteTeam "SK Lehrte"]
[BlackTeam "SV Hemer 1932"]
[WhiteTeamCountry "SYR"]
[BlackTeamCountry "GER"]
[TimeControl "40/5400+30:1800+30"]

1. e4 e5 2. Nf3 Nc6 3. Nc3 Nf6 4. d4 exd4 5. Nxd4 Bb4 6. Nxc6 bxc6 7. Bd3 O-O 8. O-O Re8 9. Qf3 Rb8 10. Be3 {[%emt 0:05:15] C47: Scotch Four Knights and Four Knights with 4 g3.} Bd6 11. Rab1 Be5 12. Bxa7 {[%emt 0:08:28] [#] The position is equal.} Rb7 $146 (12... Ra8 $11 {keeps the balance.} 13. Be3 Qe7) ({Predecessor:} 12... Ra8 13. Be3 d5 14. Bg5 Qd6 15. Bxf6 Bxf6 16. exd5 Bxc3 17. bxc3 cxd5 18. Rfd1 g6 {½-½ (42) Dabija,M (2365)-Salati,P (2247) ICCF email 2014}) 13. Be3 $16 d5 {[%emt 0:04:01] [#] Strongly threatening ...Bg4.} 14. Bg5 $1 Rb4 15. h3 (15. a3 $16 Rb8 16. exd5) 15... Be6 (15... Bxc3 $11 {remains equal.} 16. bxc3 dxe4 17. Bxf6 Rxb1 18. Rxb1 Qxd3) 16. a3 {[%emt 0:06:51] White leaves nothing to chance now.} Rd4 (16... Rb6 $16) 17. Rfe1 h6 18. exd5 Bxd5 19. Bxf6 {[%emt 0:11:42] The board is on fire.} Bxf6 20. Nxd5 Rxe1+ 21. Rxe1 cxd5 (21... Rxd5 22. Bc4 Rd4) 22. c3 Ra4 23. Bb5 $40 {[%emt 0:01:45][%mdl 128] White has strong attack.} Re4 24. Rxe4 dxe4 25. Qxe4 $18 {[%emt 0:00:05][%mdl 4096] Endgame KQB-KQB} Qd1+ (25... Qe7 $142 26. Qc6 Qd6) 26. Bf1 Qd7 {[%emt 0:00:42] Inhibits Qe8+.} 27. Bd3 Bg5 28. a4 {[%emt 0:00:34][%cal Ba3a4,Ba4a5,Ba5a6][%mdl 32] Black must now prevent a5.} g6 $2 (28... Bd8 29. a5 c6) 29. a5 Be7 30. Qc4 c5 (30... Bd8 {was necessary.} 31. a6 c6 32. Bxg6 Bb6) 31. a6 Kg7 (31... Bd8 $142 32. Qe4 Bb6) 32. Qb5 Qc7 33. Be4 (33. Bc4 $142) 33... Bd6 34. Bb7 {[%emt 0:01:43] aiming for a7.} Qe7 35. Kf1 {[%emt 0:00:57] Prevents Qe1+. And now a7 would win.} Bb8 36. Qb6 Qd7 (36... Bc7 {keeps fighting.} 37. Qb5 Qd6) 37. Ke2 (37. g3 $142) 37... Qe7+ 38. Kf3 {[%emt 0:02:54] Hoping for a7.} Qf6+ $2 (38... Bc7 39. Qb5 Qf6+ 40. Ke2 Bb6) 39. Qxf6+ Kxf6 {[%emt 0:00:03] KB-KB} 40. Ke4 Ke6 41. Kd3 $2 (41. Bd5+ Ke7 {[#]} 42. Bxf7 $1 ) 41... Kd6 {[%emt 0:32:21] White is clearly better.} 42. Kc4 Ba7 43. Bd5 f6 44. Be4 g5 45. Bb7 Ke5 46. Bc8 Kd6 {[%emt 0:00:00] Weighted Error Value: White=0.46/Black=0.53} 1/2-1/2

[Event "Frauenbundesliga 2021-22"]
[Site "Germany"]
[Date "2022.05.25"]
[Round "9.30"]
[White "Dartmann Aubanell, Catriona"]
[Black "Grabowski, Petra"]
[Result "1-0"]
[ECO "C01"]
[WhiteElo "1874"]
[BlackElo "1635"]
[Annotator "NA RC COMBH"]
[PlyCount "121"]
[EventDate "2021.11.26"]
[EventType "team-tourn"]
[EventCountry "GER"]
[SourceTitle "playchess.com"]
[Source "ChessBase"]
[SourceQuality "1"]
[WhiteTeam "SV Hemer 1932"]
[BlackTeam "SK Lehrte"]
[WhiteTeamCountry "ESP"]
[BlackTeamCountry "GER"]
[TimeControl "40/5400+30:1800+30"]

1. e4 e6 2. d4 d5 3. Bd3 dxe4 4. Bxe4 Nf6 5. Bf3 c5 6. Ne2 Nc6 7. Be3 Qb6 8. Nbc3 cxd4 9. Nxd4 Nxd4 10. Bxd4 Bc5 11. Bxc5 Qxc5 12. O-O Qb6 13. Na4 Qc7 14. Qd4 O-O 15. Nc5 Rb8 16. Ne4 Nxe4 17. Bxe4 b6 18. Rfd1 Bb7 19. Bxb7 Rxb7 20. Rd2 f6 21. Rad1 Qf7 22. Qa4 b5 23. Qe4 e5 24. a3 g6 25. Qc6 Qc7 26. Qe6+ Qf7 27. Qa6 Re8 28. Rd6 Kg7 29. Rxf6 Qc7 30. Rc6 Qf7 31. Qa5 Ree7 32. Rcd6 Qe8 33. Qc3 Rbc7 34. Qd2 Qf7 35. h3 Qf5 36. c3 Rf7 37. Rd5 Rb7 38. Qe2 Kg8 39. Rxe5 Qf6 40. Re8+ Kg7 41. Qe5 Qxe5 42. Rxe5 Rf6 43. Rdd5 a6 44. f3 Rc7 45. Kf2 Rfc6 46. Ke3 Kf6 47. f4 Kf7 48. g4 Kf6 49. h4 h6 50. h5 gxh5 51. Rxh5 Kg6 52. Rhe5 Rf7 53. Re8 Rcf6 54. f5+ Kg5 55. Rg8+ Kh4 56. Kf4 (56. Kf3 $142 Kh3 57. Rd1) 56... Kh3 57. g5 (57. Rd3+ $142 Kg2 58. Re8 Rxf5+ 59. gxf5 Rg7 60. Rd2+ Kh1 61. Re1+ Rg1 62. Rxg1+ Kxg1 63. f6) 57... hxg5+ 58. Rxg5 Rh6 59. Rd3+ Kh2 60. Rd2+ Kh1 61. Kg3 1-0

[Event "Frauenbundesliga 2021-22"]
[Site "Germany"]
[Date "2022.05.28"]
[Round "10.1"]
[White "Klek, Hanna Marie"]
[Black "Osmak, Yuliia"]
[Result "1-0"]
[ECO "B12"]
[WhiteElo "2362"]
[BlackElo "2428"]
[Annotator "TA"]
[PlyCount "159"]
[EventDate "2021.11.26"]
[EventType "team-tourn"]
[EventCountry "GER"]
[SourceTitle "playchess.com"]
[Source "ChessBase"]
[SourceQuality "1"]
[WhiteTeam "Deizisau"]
[BlackTeam "Bad Koenigshofen"]
[TimeControl "40/5400+30:1800+30"]

1. e4 c6 2. d4 d5 3. e5 Bf5 4. h4 h5 5. c4 e6 6. Nc3 Ne7 7. Bg5 dxc4 {[%emt 0:02:32] 7...Qb6 is the hot move.} 8. Bxc4 Nd7 9. Nge2 {[%emt 0:03:20] B12: Caro-Kann: Advance Variation.} Nb6 10. Bd3 (10. Bb3 $14 {deserves consideration.}) 10... Qd7 $1 $11 11. Ne4 {[%emt 0:08:02] [#] The position is equal.} Ned5 $146 (11... Bxe4 $5 12. Bxe4 Nf5 $11) ({Predecessor:} 11... Bxe4 12. Bxe4 Nbd5 13. Ng3 g6 14. O-O Nf5 15. Nxf5 exf5 16. Bf3 Be7 17. Bxd5 Qxd5 18. Bxe7 Kxe7 {½-½ (32) Narendran,G (2127)-Hart,A (1952) Novi Sad 2019}) 12. O-O Bxe4 13. Bxe4 Be7 14. Qc1 O-O-O 15. Bf3 f6 16. exf6 gxf6 17. Bd2 Rdg8 18. a4 $1 Na8 (18... Kb8 $14) 19. Qc4 ({White should try} 19. b4 $1 $16) 19... Nab6 $14 20. Qb3 Na8 21. Rfe1 f5 (21... Nac7 $11) 22. Nf4 $16 Nac7 23. Nd3 Bd6 24. Bg5 {[%emt 0:04:23] Prevents Qe7.} Qg7 25. Ne5 Be7 (25... Bxe5 $16 {might work better.} 26. Rxe5 (26. dxe5 Qf8 $14) 26... Qd7) 26. a5 $1 $18 a6 27. Qc4 {[%emt 0:05:24] White is much more active.} (27. Rac1 $1 $16 {[%cal Oe5c6] Black must now prevent Nxc6!} Bxg5 28. hxg5 Qxg5 29. Nxc6 $1 (29. Nf7 Qf4 $14)) 27... Bxg5 $11 28. hxg5 Qe7 (28... Qxg5 $11 29. Nxc6 Rg7) 29. g6 Qb4 $2 (29... Rg7 $14) 30. Qxb4 Nxb4 {[%emt 0:00:02] Pair of Knights!} 31. Ra4 $1 Nbd5 32. Nf7 {[%emt 0:00:14] Hoping for Bxd5.} Nf4 (32... Ne7 33. Nd6+ (33. Nxh8 Rxh8 34. g7 Rh7 $16) 33... Kd7 34. Nxb7 Rxg6 35. Nc5+ Kd6) 33. Nxh8 Rxh8 34. g7 (34. d5 $142 Nfxd5 35. Bxd5 cxd5 36. Re3) 34... Rg8 $18 35. g3 Rxg7 36. Kf1 $1 $36 {[%emt 0:00:51][%mdl 2048] Keeping Black busy.} Nfd5 37. Bxh5 f4 38. g4 f3 $2 (38... Nf6 $16 39. Ke2 Ncd5) 39. Ra3 Nb5 40. Rxf3 Nxd4 41. Rf7 Rxf7 42. Bxf7 {[%emt 0:00:08][%mdl 4096] Endgame KRB-KNN} Kd7 43. Re4 c5 44. g5 Ke7 45. Bh5 Nb3 {[%emt 0:04:34] ...Nd2+ is the strong threat.} 46. Rh4 Nxa5 47. Bf3 {[%emt 0:00:51] Strongly threatening Bxd5.} Kf7 48. Be4 b5 49. Rh7+ Kg8 50. Ra7 Nf4 51. Ke1 (51. Rxa6 Nc4) 51... Nc4 52. b3 (52. Rxa6 Nxb2 53. Rb6 Nc4 54. Rxb5 Nd6 $18) 52... Na5 53. Bc2 (53. Rxa6 $6 Nxb3 54. Rb6 Nd4 55. Rb8+ Kg7 56. Rb7+ Kh8 $18) 53... c4 $2 (53... Nc6 {was called for.}) 54. bxc4 Nxc4 55. Rxa6 Ne5 56. Ra8+ Kg7 57. Ra7+ Kg8 58. Be4 {[%emt 0:01:05] Inhibits Nf3+.} Nh3 59. Ra8+ $2 (59. Ra3 $18 {has better winning chances.} Nf4 60. Ra5) 59... Kg7 60. Ra7+ $2 (60. Bb1) 60... Kg8 $1 61. g6 (61. Ra3 $142 Nf4 62. Ra5) 61... Nf4 62. Rb7 Nexg6 (62... Nfxg6 $142 63. Bxg6 Nxg6) 63. Bxg6 (63. Kd2 $18) 63... Nxg6 {[%emt 0:00:57] KR-KN} 64. Kd2 (64. Rxb5 Kg7 65. Ke2 Kf6) 64... b4 65. Kd3 b3 66. Kd4 ({Don't take} 66. Rxb3 Kf7 67. Kd4 Ke7 $18) 66... b2 67. Kc5 ({Much less strong is} 67. Rxb2 Kf7 68. Rb7+ Kf6 $18) 67... b1=Q $2 (67... Nf4 $16 68. Kd4 (68. Rxb2 Nd3+ 69. Kd6 Nxb2 $11) 68... b1=B 69. Rxb1 Kg7) 68. Rxb1 Kf7 {[%emt 0:00:02] [#]} 69. Kd6 $1 Kf6 70. Re1 $2 (70. Rb8 {mates} Kf5 71. Re8 e5 72. Re6 Nf4 73. Rxe5+ Kg6 74. Re3 Kf6 75. Re8) 70... e5 $16 71. Rg1 {[%emt 0:01:49][%cal Og1g6] White threatens Rxg6+! and mate.} Nf4 72. Rg8 {[%emt 0:00:26] White wants to mate with Rf8+.} Kf5 73. f3 Nd3 74. Rf8+ Kg5 {[%emt 0:00:09] [#]} 75. Kd5 $1 Nf4+ $2 (75... Kg6 $16 76. Ke4 Nc5+ 77. Kd5 Nd3) 76. Ke4 {[%emt 0:00:18] White mates.} Ng6 77. Rg8 Kf6 {[%emt 0:00:09] [#]} 78. Rxg6+ $1 Kxg6 79. Kxe5 Kf7 80. Kf5 {[%emt 0:00:04] Weighted Error Value: White=0.32/Black=0.33} 1-0

[Event "Frauenbundesliga 2021-22"]
[Site "Germany"]
[Date "2022.05.28"]
[Round "10.2"]
[White "Schneider, Jana"]
[Black "Gaponenko, Inna"]
[Result "1/2-1/2"]
[ECO "B36"]
[WhiteElo "2303"]
[BlackElo "2332"]
[Annotator "TA"]
[PlyCount "53"]
[EventDate "2021.11.26"]
[EventType "team-tourn"]
[EventCountry "GER"]
[SourceTitle "playchess.com"]
[Source "ChessBase"]
[SourceQuality "1"]
[WhiteTeam "Bad Koenigshofen"]
[BlackTeam "Deizisau"]
[TimeControl "40/5400+30:1800+30"]

1. e4 c5 2. Nf3 Nc6 3. d4 cxd4 4. Nxd4 g6 5. c4 Nf6 6. Nc3 d6 7. Be2 Nxd4 8. Qxd4 Bg7 9. Be3 O-O 10. Qd2 Be6 11. Rc1 Qa5 12. f3 Rfc8 13. b3 a6 14. Nd5 Qxd2+ 15. Kxd2 Nxd5 16. cxd5 Bd7 17. Rxc8+ Rxc8 18. Rc1 Rxc1 19. Kxc1 $11 {[%emt 0:02:13][%mdl 4096] Endgame KBB-KBB. The position is equal.} f5 {[%emt 0:28:45] B36: Sicilian: Maroczy Bind: Gurgenidze System.} 20. a4 {[%emt 0:05:40] [#]} fxe4 $146 ({Predecessor:} 20... Be5 21. h3 Kf7 22. Kd2 b5 23. axb5 axb5 24. Bb6 b4 25. Ke3 Bc3 26. Ba6 e6 27. Kd3 fxe4+ 28. fxe4 exd5 29. exd5 {0-1 (36) Paramzina,A (2209)-Nguyen,H (1970) Chess.com INT 2020}) 21. fxe4 Be5 22. h3 Kf7 23. Bg5 Bf6 24. Be3 Be5 25. Bg5 Bf6 26. Bf4 Bd4 27. Bg5 {[%emt 0:02:51] Not much happened in this game.  Weighted Error Value: White=0.02 (flawless) /Black=0.00 (flawless)} 1/2-1/2

[Event "Frauenbundesliga 2021-22"]
[Site "Germany"]
[Date "2022.05.28"]
[Round "10.3"]
[White "Schleining, Zoya"]
[Black "Savina, Anastasia"]
[Result "1/2-1/2"]
[ECO "C50"]
[WhiteElo "2329"]
[BlackElo "2348"]
[Annotator "TA"]
[PlyCount "102"]
[EventDate "2021.11.26"]
[EventType "team-tourn"]
[EventCountry "GER"]
[SourceTitle "playchess.com"]
[Source "ChessBase"]
[SourceQuality "1"]
[WhiteTeam "Deizisau"]
[BlackTeam "Bad Koenigshofen"]
[TimeControl "40/5400+30:1800+30"]

1. e4 e5 2. Nf3 Nc6 3. Bc4 Bc5 4. d3 Nf6 5. Nc3 O-O 6. O-O h6 7. h3 a6 {[%emt 0:02:21] C50: Hungarian Defence and Giuoco Pianissimo.} 8. Be3 {[%emt 0:02:13] is cutting edge theory.} Ba7 9. Bxa7 Rxa7 {[%emt 0:00:04] [#] White is slightly better.} 10. d4 $146 ({Predecessor:} 10. a4 d6 11. d4 exd4 12. Nxd4 Nxd4 13. Qxd4 Ra8 14. Rfd1 Be6 15. Bxe6 fxe6 16. e5 {1-0 (43) Surowka,M (1681)-Doluhanova,E (2212) Chess.com INT 2021}) 10... exd4 11. Nxd4 Na5 {[%emt 0:01:39] [#]} (11... d6 $14) 12. Bd3 {[%emt 0:24:25] 0x0.001de03fb8f6dp-1022s more active pieces.} ({Better is} 12. e5 $1 $16 ) 12... d6 $11 13. Qf3 c5 14. Nf5 Nc6 15. Rfe1 (15. a4 $11) 15... Bxf5 $15 16. Qxf5 {[%emt 0:09:36] [#]} (16. exf5 $11 d5 17. Bf1) 16... Nd4 $2 (16... c4 $1 $17 17. Bxc4 Nd4) 17. Qf4 $14 b5 18. Nd5 $36 {[%emt 0:02:50][%mdl 2048] Black is under pressure.} c4 19. Qe3 Nc6 20. Bf1 Nxd5 21. exd5 Re7 22. Qd2 ({White should try} 22. Qa3 $1 $14 Ne5 23. Qxa6) 22... Ne5 23. b3 Rfe8 24. bxc4 bxc4 25. f4 Nd7 {[%emt 0:00:16] The position is equal.} 26. Rxe7 Qxe7 27. Bxc4 Qf6 28. Rf1 Nc5 29. Bd3 Qd4+ 30. Kh2 {[%emt 0:00:38][%cal Od3h7] And now Bh7+! would win.} Nxd3 31. Qxd3 Qxd3 32. cxd3 $11 {[%emt 0:00:05][%mdl 4096] Endgame KR-KR} Rb8 {[%emt 0:01:05] Prevents Rb1.} 33. Rc1 Rb5 34. Rc8+ Kh7 35. Rc6 Rxd5 36. Rxa6 Rxd3 37. f5 h5 38. Ra7 f6 39. g4 hxg4 40. hxg4 Kh6 41. a4 Ra3 42. Kg2 d5 43. Kf2 d4 44. a5 Kg5 45. Rxg7+ Kf4 46. Ke2 Rxa5 47. Kd3 Ra1 48. Kxd4 Rd1+ 49. Kc5 Rg1 50. Rg6 Rxg4 51. Rxf6 Rg5 {[%emt 0:00:11] Weighted Error Value: White=0.15 (very precise) /Black=0.11 (very precise)} 1/2-1/2